AoeStats
← Křovák

MegaRandom

503605969Analyzed
1v1 RM · 1mo ago on Sep 1, 2026· 38m 42s· 2 players
Game mode
Random Map
Map size
Tiny (2 player)
Population
200
Speed
Normal
Resources
Standard
Victory
Conquest
Starting age
Dark Age
Ending age
Imperial Age
RankedLock teamsTeams togetherTeam positionsShared explorationLock speedFull tech treeHidden civsTurbo modeCheats
Victory
Defeat
🇨🇿 Byzantines · Czechia
886
+16
🇺🇸 Magyars · United States
882
-16
HalfHazzard
6:44 Loom
6:52 Loom
10:30 Feudal Age
11:08 Double-Bit Axe
21:51 Castle Age
20:26 Horse Collar
21:19 Fletching
21:35 Scale Barding Armor
24:58 Thumb Ring
29:55 Bow Saw
29:47 Heavy Plow
30:21 Bodkin Arrow
34:37 Light Cavalry
36:29 Bloodlines
Křovák
8:45 Loom
10:31 Feudal Age
11:36 Double-Bit Axe
16:58 Castle Age
16:01 Horse Collar
21:37 Pikeman
24:42 Fletching
24:53 Padded Archer Armor
25:36 Heavy Plow
29:22 Bodkin Arrow
31:49 Bow Saw
35:00 Imperial Age
31:55 Elite Skirmisher
35:56 Ballistics
35:32 Murder Holes
37:45 Stone Mining
37:45 Gold Mining
Connection lost

Rejoining the realm…

Still unreachable

The connection could not be restored.

Session expired

The server has moved on; the page needs a fresh start.